 Dungeon Sprint DCSS version 0.21-a0-72-gbbb65ab (webtiles) character file.

2470 Kidiri the Transmogrifier (level 9, -7/76 HPs)
             Began as a Merfolk Transmuter on June 20, 2017.
             Was an Elder of Wu Jian.
             Mangled by a freezing wraith (21 damage)
             ... in the Dungeon (Sprint VII: "The Pits").
             The game lasted 00:10:06 (1789 turns).

Kidiri the Transmogrifier (Merfolk Transmuter)      Turns: 1789, Time: 00:10:07

Health: -7/76      AC: 14    Str: 13    XL:     9   Next: 51%
Magic:  17/20      EV: 17    Int: 16    God:    Wu Jian [****..]
Gold:   0          SH:  0    Dex: 14    Spells: 10/23 levels left

rFire    . . .     SeeInvis .     - Unarmed
rCold    . . .     Gourm    .   (shield currently unavailable)
rNeg     . . .     Faith    .   s - +3 ring mail
rPois    .         Spirit   .   D - +0 helmet
rElec    .         Reflect  .   C - +0 cloak
rCorr    .         Harm     .   (gloves currently unavailable)
MR       .....     NoTele   +   (no boots)
Stlth    +.........             (no amulet)
HPRegen  0.22/turn              v - +3 ring of protection
MPRegen  0.17/turn              w - +3 ring of intelligence

@: blade hands (expiring), slowed, glowing, heavenly storm, very slow
A: change form in water, swift swim, stealthy swim
a: End Transformation, Serpent's Lash, Renounce Religion


You were in the Dungeon.
You worshipped Wu Jian.
Wu Jian was greatly pleased with you.
You were not hungry.
You had blades for hands.
You visited 1 branch

Inventory:

Missiles
 a - 12 arrows
Armour
 s - a +3 ring mail (worn)
 y - a +0 pair of gloves (melded)
 B - a +4 scale mail
 C - a +0 cloak (worn)
 D - a +0 helmet (worn)
Jewellery
 v - a +3 ring of protection (left scythe-like blade)
 w - a +3 ring of intelligence (right scythe-like blade)
Wands
 t - a wand of scattershot (1/9)
Scrolls
 j - a scroll of blinking
 m - 3 scrolls of remove curse
 n - 5 scrolls of amnesia
 o - a scroll of summoning
Potions
 e - 7 potions of curing
 f - 12 potions of heal wounds
 g - a potion of haste
 h - 4 potions of magic
 i - 3 potions of berserk rage
 l - 2 potions of invisibility
 x - a potion of might
 z - a potion of agility
 A - a potion of brilliance
Books
 c - a book of Changes

   Spells                             Type                      Level
   a - Beastly Appendage              Transmutation                1
   b - Sticks to Snakes               Transmutation                2
   c - Spider Form                    Transmutation/Poison         3
   d - Ice Form                       Ice/Transmutation            4
   e - Blade Hands                    Transmutation                5
Comestibles
 d - 8 bread rations
 k - 18 chunks of flesh
 p - 40 fruits
 q - 7 meat rations


   Skills:
 * Level 9.2 Fighting
 + Level 4.1 Armour
 * Level 10.9 Dodging
 + Level 7.0 Stealth
 * Level 9.7 Unarmed Combat
 * Level 7.7 Spellcasting
 * Level 11.0 Transmutations
 + Level 5.7 Ice Magic
 + Level 5.4 Poison Magic


You had 10 spell levels left.
You knew the following spells:

 Your Spells              Type           Power        Failure   Level  Hunger
a - Beastly Appendage     Tmut           #####.       10%         1    None
b - Spider Form           Tmut/Pois      ####......   22%         3    ##.....
c - Ice Form              Ice/Tmut       ####....     41%         4    ####...
d - Blade Hands           Tmut           #####.....   38%         5    #####..


Dungeon Overview and Level Annotations

Branches:
Dungeon (1/1)

Altars:
Ashenzari
Cheibriados
Dithmenos
Elyvilon
Fedhas
Gozag
Hepliaklqana
Kikubaaqudgha
Makhleb
Nemelex Xobeh
Okawaru
Qazlal
Ru
Sif Muna
Trog
Uskayaw
Vehumet
Wu Jian
Xom
Yredelemnul
Zin
The Shining One
Beogh
Jiyva
Lugonu


Message History

You feel as though you will be slow longer.
You spin and attack the orc.
You slice the orc!!
You kill the orc!
The Council accepts your kill.
You spin and attack the freezing wraith.
You hit the freezing wraith but do no damage.
The freezing wraith is heavily damaged.
The orc warrior closely misses you.
The freezing wraith hits you but does no damage.
The freezing wraith closely misses you.
The orc warrior grunts to no one in particular.
The orc warrior hits you but does no damage.
There is a large open door here.
You spin and attack the freezing wraith.
You hit the freezing wraith but do no damage.
The freezing wraith is heavily damaged.
The freezing wraith hits you!
* * * LOW HITPOINT WARNING * * *
The freezing wraith freezes you!!
You die...

..+.##.....§§.........#
..#)#####+#####÷'######
###.##.......##''#####
..#.##.......##......+
..+.##.......##......+ .
######...<...##.....##..
))).##.......##§§§###...
))).##.......##§§##.....
######.......##§@#oo.#..
##..###########§Wocyo...
.#.############++#yyo#..
##.#.)..#...[# #y....
.#+#..%.#....# ##...
##)+....+..))# ..
.#+#....#..))# .
.+.#....#..))#
##############


You could see a freezing wraith, an orc warrior, a vampire mosquito and a
centaur.

Vanquished Creatures
  An elephant (D)
  Psyche (D)
  6 dream sheep (D)
  A spriggan (D)
  A water moccasin (D)
  A soldier ant (D)
  A warg (D)
  A porcupine (D)
  An ice beast (D)
  A necrophage (D)
  An adder (D)
  A river rat (D)
  An ufetubus (D)
  4 leopard geckos (D)
  An orc (D)
  A ball python (D)
  A bat zombie (D)
  A goblin (D)
  2 hobgoblins (D)
  A quokka (D)
  A bat (D)
  A kobold (D)
  A rat (D)
32 creatures vanquished.

Notes
Turn   | Place    | Note
-------+----------+-------------------------------------------
     0 | D        | Kidiri the Merfolk Transmuter began the quest for the Orb.
     0 | D        | Reached XP level 1. HP: 15/15 MP: 3/3
    17 | D        | Reached skill level 1 in Stealth
   149 | D        | Found a bloodstained altar of Trog.
   149 | D        | Found a deep blue altar of Sif Muna.
   149 | D        | Found a viscous altar of Jiyva.
   149 | D        | Found a hazy altar of Hepliaklqana.
   149 | D        | Found an opulent altar of Gozag.
   150 | D        | Found a glowing golden altar of the Shining One.
   150 | D        | Found a glowing silver altar of Zin.
   150 | D        | Found a basalt altar of Yredelemnul.
   150 | D        | Found a shimmering altar of Xom.
   150 | D        | Found an ornate altar of the Wu Jian Council.
   150 | D        | Found a sacrificial altar of Ru.
   150 | D        | Found a stormy altar of Qazlal.
   150 | D        | Found an iron altar of Okawaru.
   150 | D        | Found a sparkling altar of Nemelex Xobeh.
   150 | D        | Found a burning altar of Makhleb.
   150 | D        | Found a blossoming altar of Fedhas.
   150 | D        | Found a white marble altar of Elyvilon.
   150 | D        | Found a shadowy altar of Dithmenos.
   150 | D        | Found a snail-covered altar of Cheibriados.
   152 | D        | Found a radiant altar of Vehumet.
   152 | D        | Found a corrupted altar of Lugonu.
   152 | D        | Found a roughly hewn altar of Beogh.
   153 | D        | Found a hide-covered altar of Uskayaw.
   153 | D        | Found an ancient bone altar of Kikubaaqudgha.
   153 | D        | Found a shattered altar of Ashenzari.
   159 | D        | Became a worshipper of the Wu Jian Council
   180 | D        | Reached skill level 3 in Transmutations
   183 | D        | Reached XP level 2. HP: 3/22 MP: 1/5
   470 | D        | Reached * piety under Wu Jian
   564 | D        | Noticed a porcupine
   585 | D        | Reached ** piety under Wu Jian
   698 | D        | Killed a porcupine
   698 | D        | Reached skill level 1 in Armour
   698 | D        | Reached skill level 5 in Dodging
   698 | D        | Reached skill level 5 in Unarmed Combat
   698 | D        | Reached skill level 5 in Transmutations
   698 | D        | Reached XP level 3. HP: 9/31 MP: 5/8
   698 | D        | Reached XP level 4. HP: 11/38 MP: 5/9
   739 | D        | Learned a level 3 spell: Spider Form
   744 | D        | Learned a level 4 spell: Ice Form
   950 | D        | Noticed a water moccasin
   958 | D        | Reached *** piety under Wu Jian
   962 | D        | Reached XP level 5. HP: 38/43 MP: 7/10
   977 | D        | Killed a water moccasin
   977 | D        | Reached **** piety under Wu Jian
   977 | D        | Reached skill level 5 in Fighting
   977 | D        | Reached skill level 6 in Transmutations
   977 | D        | Reached XP level 6. HP: 21/51 MP: 8/12
   995 | D        | Learned a level 5 spell: Blade Hands
  1306 | D        | Noticed a warg
  1312 | D        | Killed a warg
  1312 | D        | Reached skill level 7 in Transmutations
  1318 | D        | Noticed a spriggan
  1322 | D        | Killed a spriggan
  1322 | D        | Reached skill level 5 in Spellcasting
  1322 | D        | Reached skill level 8 in Transmutations
  1322 | D        | Reached XP level 7. HP: 42/59 MP: 8/15
  1332 | D        | Reached skill level 5 in Stealth
  1340 | D        | Reached ***** piety under Wu Jian
  1460 | D        | Noticed Psyche
  1460 | D        | Noticed a soldier ant
  1465 | D        | Killed Psyche
  1465 | D        | Reached skill level 9 in Transmutations
  1465 | D        | Reached XP level 8. HP: 63/67 MP: 11/17
  1629 | D        | Noticed an elephant
  1629 | D        | Noticed a dream sheep
  1629 | D        | Noticed a dream sheep
  1629 | D        | Noticed a dream sheep
  1629 | D        | Noticed a dream sheep
  1630 | D        | Noticed a dream sheep
  1631 | D        | Noticed a dream sheep
  1634 | D        | Killed a dream sheep
  1635 | D        | Killed a dream sheep
  1640 | D        | Killed a dream sheep
  1640 | D        | Reached skill level 10 in Dodging
  1640 | D        | Reached skill level 10 in Transmutations
  1641 | D        | Killed an elephant
  1641 | D        | Reached skill level 5 in Ice Magic
  1641 | D        | Reached skill level 5 in Poison Magic
  1641 | D        | Reached XP level 9. HP: 47/75 MP: 14/19
  1643 | D        | Reached skill level 11 in Transmutations
  1779 | D        | Noticed a freezing wraith
  1784 | D        | Noticed a sea snake
  1789 | D        | Mangled by a freezing wraith

Vault maps used:
D:        pitsprint

Skill      XL: |  1  2  3  4  5  6  7  8  9 |
---------------+----------------------------+-----
Stealth        | 1 3 4 5 6 7 |  7.0
Transmutations | 3 5 6 8 9 10 11 | 11.0
Fighting       | 2 4 5 6 7 8 9 |  9.2
Dodging        | 3 5 6 7 9 10 | 10.9
Unarmed Combat | 5 6 7 8 9 |  9.7
Armour         | 1 2 3 4 |  4.1
Spellcasting   | 3 4 5 6 7 |  7.7
Ice Magic      | 2 3 4 5 |  5.7
Poison Magic   | 2 3 4 5 |  5.4

Action                   |  1- 3 |  4- 6 |  7- 9 || total
-------------------------+-------+-------+-------++-------
Melee: Unarmed           |    38 |    30 |    44 ||   112
       Headbutt          |     3 |       |       ||     3
 Cast: Beastly Appendage |     7 |     2 |       ||     9
       Spider Form       |       |     3 |       ||     3
       Blade Hands       |       |       |     3 ||     3
Invok: Heavenly Storm    |       |       |     3 ||     3
  Use: Potion            |     1 |       |       ||     1
 Stab: Sleeping          |       |     1 |     2 ||     3
       Distracted        |       |     1 |       ||     1
  Eat: Chunk             |       |     1 |     3 ||     4
Armor: Robe              |     2 |       |       ||     2
       Ring mail         |       |     3 |    11 ||    14
       Skin              |       |     1 |     1 ||     2
Dodge: Dodged            |    33 |    38 |    31 ||   102
